Map: [ESL] Tropical Sacrifice

Players

SpeCial - Winner!

  • Race: Terran Terran
  • Spawn Location: 7:00

Kelazhur

  • Race: Terran Terran
  • Spawn Location: 1:00

Event: DreamHack SC2 Masters 2022 Atlanta (Online)

VOD

Have the link to the VOD?

Description

Time

  • Played on: Sept. 30, 2022, 4:21 p.m.
  • Length: 6:42

All games in this series

Show
View Real Time Build Order
Export as new Build Order

SpeCial Terran - Winner!

Build Orders:  

Get SALT Encoding   

  12  0:00  SCV  
  13  0:12  SCV  
  14  0:18  Supply Depot  
  14  0:24  SCV  
  15  0:40  SCV  
  15  0:42  Barracks  
  16  0:47  Refinery  
  16  0:52  SCV  
  16  0:56  Refinery  
  17  1:04  SCV  
  18  1:16  SCV  
  19  1:30  Reaper, Orbital Command  
  20  1:37  Supply Depot  
  20  1:48  Factory  
  20  1:56  SCV  
  21  2:02  Reaper  
  23  2:08  SCV  
  23  2:20  SCV  
  24  2:32  SCV  
  24  2:33  Hellion  
  24  2:34  Reaper  
  28  2:38  Supply Depot  
  28  2:44  Bunker, SCV  
  28  2:55  Factory Tech Lab  
  28  2:57  SCV  
  27  3:09  SCV  
  29  3:22  Command Center  
  29  3:32  Cyclone  
  29  3:33  Mag-Field Accelerator  
  31  3:38  Factory  
  31  3:48  Supply Depot  
  31  4:02  SCV  
  31  4:10  Cyclone  
  31  4:14  SCV  
  33  4:27  SCV  
  33  4:30  Factory Tech Lab  
  34  4:37  Refinery  
  34  4:39  SCV  
  34  4:42  Cyclone  
  38  4:51  SCV  
  39  4:53  Cyclone  
  39  4:58  Orbital Command  
  42  5:03  SCV  
  43  5:14  Cyclone, Starport  
  43  5:15  SCV  
  47  5:25  SCV  
  47  5:26  Cyclone  
  47  5:27  SCV  
  52  5:33  Supply Depot  
  52  5:37  SCV  
  52  5:39  SCV  
  51  5:47  Cyclone  
  51  5:49  SCV  
  50  5:51  SCV  
  51  6:01  SCV  
  51  6:03  Cyclone, SCV  
  50  6:05  Starport Reactor  
  50  6:13  SCV  
  50  6:15  SCV  
  51  6:25  SCV  
  51  6:28  SCV  
  53  6:33  Supply Depot  
  53  6:36  Barracks  
Show
View Real Time Build Order
Export as new Build Order

Kelazhur Terran 

Build Orders:  

Get SALT Encoding   

  12  0:00  SCV  
  13  0:12  SCV  
  14  0:17  Supply Depot  
  14  0:24  SCV  
  15  0:39  SCV  
  15  0:40  Barracks  
  16  0:44  Refinery  
  16  0:51  SCV  
  16  0:54  Refinery  
  17  1:03  SCV  
  18  1:15  SCV  
  19  1:27  Reaper, Orbital Command  
  19  1:31  Supply Depot  
  20  1:44  Factory  
  20  1:54  SCV  
  21  1:59  Reaper  
  22  2:06  SCV  
  23  2:18  SCV  
  21  2:30  SCV  
  21  2:36  Hellion  
  24  2:40  Reaper  
  24  2:42  SCV  
  25  2:54  SCV  
  25  2:57  Hellion  
  27  3:09  Command Center  
  27  3:11  SCV  
  27  3:12  Supply Depot, Reaper  
  29  3:19  Hellion  
  31  3:34  SCV  
  32  3:36  Starport  
  32  3:42  Factory Tech Lab  
  32  3:44  Barracks Reactor  
  32  3:46  SCV  
  33  3:58  SCV  
  34  4:05  Cyclone  
  36  4:10  SCV  
  36  4:14  Medivac  
  39  4:22  SCV  
  40  4:34  SCV  
  40  4:37  Cyclone  
  44  4:46  SCV  
  44  4:49  Orbital Command  
  44  4:52  Command Center  
  43  4:54  Marine  
  43  4:56  Marine  
  43  4:58  SCV  
  46  5:11  SCV  
  47  5:15  SCV, Starport Tech Lab  
  46  5:23  SCV  
  46  5:27  SCV  
  48  5:28  Marine x2  
  48  5:29  Siege Tank  
  48  5:35  SCV  
  54  5:40  SCV  
  51  5:46  Marine x2  
  51  5:47  SCV  
  51  5:48  Raven  
  49  5:52  SCV  
  46  5:59  SCV  
  46  6:01  Siege Tank  
  46  6:04  SCV, Marine x2  
  45  6:11  SCV  
  45  6:16  SCV  
  43  6:22  Marine x2  
  43  6:23  SCV  
  44  6:28  SCV  
Tags
 
Add a new tag
Caveats
  • Supply blocks, unpowered buildings, or Contaminate may cause inaccurate times.
  • Supply counts are checked every 10 seconds.